 Dungeon Crawl Stone Soup version 0.22-a0-537-ge9e9f76342 (webtiles) character file.

2146 Foic the Covert (level 9, -1/50 (53) HPs)
             Began as a Kobold Assassin on June 23, 2018.
             Was a Follower of Dithmenos.
             Shot with an arrow by a centaur (3 damage)
             ... on level 6 of the Dungeon.
             The game lasted 00:29:26 (8201 turns).

Foic the Covert (Kobold Assassin)                   Turns: 8201, Time: 00:29:26

HP:   -1/50 (53)    AC:  6    Str:  8    XL:     9   Next: 56%
MP:   9/9           EV: 18    Int: 12    God:    Dithmenos [*.....]
Gold: 288           SH:  0    Dex: 20    Spells: 8/8 levels left

rFire    . . .     SeeInvis .   a - +2 dagger
rCold    + . .     Gourm    .   (shield restricted)
rNeg     . . .     Faith    .   c - +0 robe
rPois    +         Spirit   .   (no helmet)
rElec    .         Reflect  .   q - +2 cloak
rCorr    .         Harm     .   w - +0 pair of gloves
MR       .....                  (no boots)
Stlth    ++++++....             (no amulet)
HPRegen  0.16/turn              t - ring of poison resistance
MPRegen  0.11/turn              C - ring of protection from cold

@: wreathed by umbra
A: small, carnivore
a: Renounce Religion


You were on level 6 of the Dungeon.
You worshipped Dithmenos.
Dithmenos was aware of your devotion.
You were completely stuffed.

You visited 2 branches of the dungeon, and saw 7 of its levels.

You collected 288 gold pieces.

Inventory:

Hand Weapons
 a - a +2 dagger (weapon)
 b - a +0 blowgun
 i - a +2 war axe of flaming
Missiles
 e - 34 poisoned needles
 f - 2 curare-tipped needles
 k - 195 stones (quivered)
Armour
 c - a +0 robe (worn)
 q - a +2 cloak (worn)
 w - a +0 pair of gloves (worn)
Jewellery
 t - a ring of poison resistance (left hand)
 C - a ring of protection from cold (right hand)
Scrolls
 j - 2 scrolls of remove curse
 m - 5 scrolls of identify
 n - a scroll of noise {unknown}
 p - 3 scrolls of magic mapping {unknown}
 s - 4 scrolls of teleportation {unknown}
 v - a scroll of fear {unknown}
 y - a scroll of blinking {unknown}
 z - 4 scrolls of enchant weapon {unknown}
 D - a scroll of amnesia {unknown}
Potions
 h - 5 potions of curing {unknown}
 l - 4 potions of haste {unknown}
 o - a potion of brilliance {unknown}
 r - a potion of heal wounds {unknown}
 u - 2 potions of lignification {unknown}
 x - a potion of agility {unknown}
 A - a potion of magic {unknown}
 B - a potion of mutation {unknown}
Comestibles
 g - 11 rations


   Skills:
 + Level 4.8 Fighting
 + Level 8.5 Short Blades
 + Level 5.0 Throwing
 + Level 5.3 Dodging
 * Level 11.3 Stealth


You had 8 spell levels left.
You didn't know any spells.
Your spell library contained the following spells:

 Spells                   Type           Power        Failure   Level  Hunger
 Spider Form              Tmut/Pois      #.........   69%         3    ####...
 Blade Hands              Tmut           #.........   100%        5    ######.
 Ice Form                 Ice/Tmut       #.......     97%         4    #####..
 Sticks to Snakes         Tmut           #.......     45%         2    ###....
 Beastly Appendage        Tmut           #.....       32%         1    ##.....


Dungeon Overview and Level Annotations

Branches:
Dungeon (6/15)             Temple (1/1) D:4

Altars:
Ashenzari
Cheibriados
Dithmenos
Elyvilon
Fedhas
Gozag
Hepliaklqana
Kikubaaqudgha
Makhleb
Nemelex Xobeh
Okawaru
Sif Muna
Trog
Uskayaw
Vehumet
Wu Jian
Xom
Yredelemnul
Zin
The Shining One

Shops:
D:4 :


Innate Abilities, Weirdness & Mutations

You are small and have problems with some larger weapons.
You are carnivorous and can eat meat at any time.


Message History

The centaur is lightly wounded.
The centaur hits you but does no damage.
You hit the centaur.
The centaur is moderately wounded.
You hit the centaur but do no damage.
The centaur is moderately wounded.
The centaur hits you.
* * * LOW HITPOINT WARNING * * *
The centaur wields an uncursed shortbow.
The centaur shoots an arrow.
The arrow misses you.
There is an open door here.
The centaur shoots an arrow.
The arrow closely misses you.
Okay, then.
Things that are here:
a whip; a robe; a gnoll corpse The centaur unwields an uncursed shortbow.
The centaur misses you.
The centaur wields an uncursed shortbow.
The centaur shoots an arrow.
The arrow hits you.
You die...

#.........####.#.###....
#.......#.# #.#.# ##.##
#.......#.####.#.# #.##
#.......#...(.<..####..#
#.......#...............
.......$...'..............#
#.##.......#.......#####..#
# #.......'.....(.# #..#
#.#..#(@#.("....# #..#
...)%...#†......# #.(.
...#..#..c############.#.
...................####.
..........#<.#####.#####
.....###........##......
.....###.....##.##.#....
.............<..........
.... ........##.##.#.#..


You could see a centaur.

Vanquished Creatures
  Menkaure (D:5)
  A water moccasin (D:5)
  An ice beast (D:5)
  2 sky beasts
  A necrophage (D:5)
  2 phantoms (D:4)
  3 ogres
  2 centaurs (D:6)
  3 bullfrogs (D:6)
  A scorpion (D:6)
  2 vampire bats (D:4)
  A howler monkey (D:4)
  3 crimson imps (D:6)
  2 hounds
  An orc priest (D:5)
  An orc wizard (D:5)
  A bullfrog skeleton (D:4)
  An iguana (D:6)
  2 worker ants (D:6)
  A hound zombie (D:6)
  A howler monkey zombie (D:6)
  6 gnolls
  10 adders
  An ooze (D:1)
  2 worms (D:2)
  4 leopard geckos
  16 orcs
  6 bats
  2 bat skeletons (D:4)
  3 bat zombies (D:4)
  2 giant cockroaches
  6 goblins
  8 hobgoblins
  6 jackals
  8 kobolds
  A quokka (D:6)
  7 frilled lizards
  A quokka skeleton (D:6)
  6 rats
128 creatures vanquished.

Notes
Turn   | Place    | Note
-------+----------+-------------------------------------------
     0 | D:1      | Foic the Kobold Assassin began the quest for the Orb.
     0 | D:1      | Reached XP level 1. HP: 12/12 MP: 1/1
     6 | D:1      | Noticed a lindwurm
     6 | D:1      | Noticed a wyvern
     6 | D:1      | Noticed a crocodile
     6 | D:1      | Noticed a hog
   134 | D:1      | Reached XP level 2. HP: 3/17 MP: 2/2
   864 | D:1      | Reached skill level 6 in Stealth
  1122 | D:2      | Reached XP level 3. HP: 21/21 MP: 3/3
  1282 | D:2      | Reached XP level 4. HP: 26/26 MP: 4/4
  1303 | D:2      | Reached skill level 7 in Stealth
  1410 | D:2      | Found a glowing silver altar of Zin.
  2081 | D:3      | Found a deep blue altar of Sif Muna.
  2082 | D:3      | Reached XP level 5. HP: 30/30 MP: 5/5
  2114 | D:3      | Found a blossoming altar of Fedhas.
  2440 | D:3      | Found a basalt altar of Yredelemnul.
  3115 | D:4      | Reached skill level 8 in Stealth
  3119 | D:4      | Noticed a phantom
  3242 | D:4      | Noticed a phantom
  3374 | D:4      | Killed a phantom
  3374 | D:4      | Reached XP level 6. HP: 24/36 MP: 6/6
  3513 | D:4      | Found a staircase to the Ecumenical Temple.
  3518 | Temple   | Entered the Ecumenical Temple
  3540 | Temple   | Became a worshipper of Dithmenos the Shadowed
  3621 | D:4      | Found a white marble altar of Elyvilon.
  3881 | D:4      | Found Pag Ovorph's Book Shoppe.
  4059 | D:4      | Found an ancient bone altar of Kikubaaqudgha.
  4125 | D:4      | Reached XP level 7. HP: 29/40 MP: 7/7
  4456 | D:4      | Reached skill level 5 in Short Blades
  4964 | D:5      | Entered Level 5 of the Dungeon
  5104 | D:5      | Found a shimmering altar of Xom.
  5174 | D:5      | Reached skill level 9 in Stealth
  5224 | D:5      | Reached XP level 8. HP: 46/46 MP: 8/8
  5228 | D:5      | Noticed Menkaure
  5235 | D:5      | Killed Menkaure
  5990 | D:6      | Reached skill level 10 in Stealth
  6256 | D:6      | Reached * piety under Dithmenos
  6330 | D:6      | Found a radiant altar of Vehumet.
  6331 | D:6      | Reached XP level 9. HP: 49/49 MP: 9/9
  6490 | D:6      | Reached skill level 11 in Stealth
  7375 | D:5      | Reached skill level 5 in Dodging
  8187 | D:6      | Reached skill level 5 in Throwing
  8194 | D:6      | HP: 1/50 [centaur (3)]
  8201 | D:6      | Shot with an arrow by a centaur

Vault maps used:
D:1:      onia_arrival_zoo_common
D:2:      zin_scriptorium
D:3:      lemuel_doored_altar, grunt_temple_overflow_open,
          nicolae_overflow_hidden_temple, first_ration, minivault_24
D:4:      nicolae_overflow_crystal_walls, kennysheep_vampire_church,
          minmay_temple_entry_statues_pillars, serial_shops,
          nicolae_shop_behind_doors, due_unseen_surprise
D:5:      xom_teletrap_fun, uniq_menkaure
D:6:      nicolae_whirlpool, old_standard_altar
Temple:   cyrus_circular_temple

Skill      XL: |  1  2  3  4  5  6  7  8  9 |
---------------+----------------------------+-----
Short Blades   | 3 4 5 7 8 |  8.5
Stealth        | 6 7 8 9 10 11 | 11.3
Throwing       | 3 4 5 |  5.0
Dodging        | 2 3 4 5 |  5.3
Fighting       | 3 4 |  4.8

Action                   |  1- 3 |  4- 6 |  7- 9 || total
-------------------------+-------+-------+-------++-------
Melee: Dagger            |    71 |   260 |   594 ||   925
 Fire: Blowgun           |     4 |    26 |    41 ||    71
Throw: Stone             |       |    64 |    40 ||   104
  Use: Scroll            |       |     3 |     2 ||     5
 Stab: Sleeping          |     8 |    16 |     9 ||    33
       Distracted        |       |       |     1 ||     1
  Eat: Chunk             |     9 |     9 |    14 ||    32
Armor: Robe              |    11 |    58 |    71 ||   140
Dodge: Dodged            |    41 |   195 |   361 ||   597

Table legend:
 A = Spawn XP
 B = Non-spawn XP
 C = Spawn XP percentage of total XP
 D = Spawn monster count
 E = Non-spawn monster count
 F = Spawn count percentage of total count
 G = Total turns spent on level
                    A         B        C        D         E        F      G
               +---------+---------+-------+---------+---------+-------+---------
         Total |       0 |    3066 |   0.0 |       0 |     128 |   0.0 |  8201
               +---------+---------+-------+---------+---------+-------+---------
           D:1 |       0 |      27 |   0.0 |       0 |      15 |   0.0 |  1110
           D:2 |       0 |     110 |   0.0 |       0 |      25 |   0.0 |  1091
           D:3 |       0 |      82 |   0.0 |       0 |      24 |   0.0 |  1359
           D:4 |       0 |     639 |   0.0 |       0 |      21 |   0.0 |  1376
           D:5 |       0 |     884 |   0.0 |       0 |      17 |   0.0 |  1346
           D:6 |       0 |    1324 |   0.0 |       0 |      26 |   0.0 |  1862
               +---------+---------+-------+---------+---------+-------+---------
